 Dungeon Crawl Stone Soup version 0.31.0-11-ge490571c62 (webtiles) character file.

Game seed: 2688825469545839954

86 qw the Shooter (level 4, -2/22 HPs)
             Began as a Spriggan Hunter on Feb 3, 2024.
             Shot with a sling bullet by a goblin (5 damage)
             ... led by Robin
             ... on level 2 of the Dungeon.
             The game lasted 00:00:03 (1301 turns).

qw the Shooter (Spriggan Hunter)                    Turns: 1301, Time: 00:00:04

Health: -2/22      AC:  2    Str: 13    XL:     4   Next: 26%
Magic:  5/5        EV: 19    Int: 10    God:
Gold:   67         SH:  0    Dex: 20    Spells: 3/3 levels left

rFire   . . .        a - +1 shortbow
rCold   . . .        (shield currently unavailable)
rNeg    + . .        c - +0 robe
rPois   .            (helmet restricted)
rElec   .            (no cloak)
rCorr   .            (gloves unavailable)
SInv    +            (boots unavailable)
Will    .....        (no amulet)
Stlth   ++           e - ring of positive energy
HPRegen 0.23/turn    g - +6 ring of strength
MPRegen 0.09/turn

%: no passive effects
@: about to teleport, very quick
A: very small, no large weapons, unfitting armour, see invisible, speed 3
a: no special abilities


You were on level 2 of the Dungeon.
You visited 1 branch of the dungeon, and saw 2 of its levels.

You collected 67 gold pieces.


Innate Abilities, Weirdness & Mutations

You are very small and have problems with some larger weapons.
You are too small for most types of armour.
You have supernaturally acute eyesight. (SInv)
You cover ground extremely quickly. (Speed+++)


   Skills:
 - Level 1.5 Fighting
 - Level 5.1 Ranged Weapons
 + Level 4.4 Dodging
 - Level 1.5 Stealth


You had 3 spell levels left.
You didn't know any spells.
Your spell library was empty.

Inventory:

Hand Weapons
 a - a +1 shortbow (weapon)
Armour
 b - a +2 robe of resistance
 c - a +0 robe (worn)
Jewellery
 e - a ring of positive energy (left hand)
 g - a +6 ring of strength (right hand)
Potions
 d - a potion of invisibility {unknown}
 f - a potion of attraction {unknown}

Dungeon Overview and Level Annotations

Branches:
Dungeon (2/15)

Altars:

Annotations:
D:2 1 runed translucent door, Crazy Yiuf


Message History

Robin roars a battlecry!
The goblins go into a battle-frenzy!
The hobgoblin hits you.
You shoot an arrow. The arrow barely misses Robin.
Robin misses you. The hobgoblin barely misses you.
You shoot an arrow. The arrow hits Robin!
You kill Robin!
The hobgoblin completely misses you.
You shoot an arrow.
The arrow hits the hobgoblin but does no damage.
The goblin no longer looks unusually strong.
The hobgoblin barely misses you.
A ribbon worm comes into view.
You shoot an arrow. The arrow closely misses the hobgoblin.
The hobgoblin no longer looks unusually strong.
The goblin shoots a sling bullet.
The sling bullet hits you.
You shoot an arrow. The arrow hits the hobgoblin.
You kill the hobgoblin!
The goblin no longer looks unusually strong.
The goblin shoots a sling bullet.
The sling bullet hits you.
You shoot an arrow. The arrow hits the ribbon worm.
The ribbon worm is lightly wounded.
The goblin no longer looks unusually strong. x2
The goblin shoots a sling bullet.
The sling bullet completely misses you.
The ribbon worm expels a string of sticky webbing.
The stream of webbing hits you but does no damage.
You are caught in a web!
The web tears apart.
The goblin shoots a sling bullet.
The sling bullet hits you. The ribbon worm misses you.
You shoot an arrow. The arrow hits the ribbon worm.
The ribbon worm is lightly wounded.
The goblin shoots a sling bullet.
The sling bullet hits you.
The goblin shoots a sling bullet.
The sling bullet hits you. The ribbon worm completely misses you.
1301 ||| READING scroll of teleportation.
As you read the scroll of teleportation, it crumbles to dust.
You feel strangely unstable.
The goblin shoots a sling bullet.
The sling bullet hits you.
You die...

........### .. .#.#....##
g. ...#........# # gg
......#.#.#.# #. g#
.....#.....?. # #.# g#
....#...#.... . ..## g#
...#...#....# ###.
#.###.# ..#.........# ...
#..w@)# .#..........#
#.###.####.#.....)......#
#..........#######..###..
##...####### ###..#####
##.############.........
#)..........)..########
################


You could see a ribbon worm (catching breath) and 6 goblins.

Vanquished Creatures
  Jessica (D:2)
  Robin (D:2)
  A gnoll (D:1)
  A dart slug (D:1)
  A ribbon worm (D:2)
  3 ball pythons (D:1)
  2 bats (D:1)
  2 endoplasms (D:1)
  A giant cockroach (D:1)
  9 goblins
  4 hobgoblins
  6 frilled lizards (D:1)
  3 kobolds
  A rat (D:1)
36 creatures vanquished.

Notes
Turn   | Place    | Note
-------+----------+-------------------------------------------
     0 | D:1      | qw the Spriggan Hunter began the quest for the Orb.
     0 | D:1      | Reached XP level 1. HP: 10/10 MP: 2/2
     0 | D:1      | 0 ||| qw: Version: 0.3-a-155-g5e7d8dd
     0 | D:1      | 0 ||| qw: Game counter: 3114
     0 | D:1      | 0 ||| qw: Melee chars always use a shield: true
     0 | D:1      | 0 ||| qw: God list: Okawaru
     0 | D:1      | 0 ||| qw: Allow faded altars: false
     0 | D:1      | 0 ||| qw: Do Orc after clearing Dungeon:15 true
     0 | D:1      | 0 ||| qw: Do second Lair branch before Depths: true
     0 | D:1      | 0 ||| qw: Lair rune preference: random
     0 | D:1      | 0 ||| qw: Goals: Normal
     0 | D:1      | 0 ||| PLANNING D:1-11
    90 | D:1      | Reached skill level 3 in Dodging
   231 | D:1      | Reached XP level 2. HP: 14/14 MP: 3/3
   600 | D:1      | Reached XP level 3. HP: 18/18 MP: 4/4
   931 | D:1      | 931 ||| UPGRADING to ring of positive energy.
   932 | D:1      | 932 ||| UPGRADING to +6 ring of strength.
   933 | D:1      | 933 ||| READING scroll labelled ZANI YHUSAS ROYDOMN.
   934 | D:1      | 934 ||| READING 2 scrolls labelled EDOGIUGASCHU.
   938 | D:1      | 938 ||| READING scroll labelled YJECHOVENU.
   938 | D:1      | 938 ||| ENCHANTING +0 shortbow.
   939 | D:1      | 939 ||| DRINKING 2 glowing golden potions.
  1043 | D:1      | 1043 ||| DROPPING scroll of butterflies.
  1044 | D:1      | 1044 ||| DROPPING potion of berserk rage.
  1057 | D:2      | Noticed Jessica
  1060 | D:2      | Killed Jessica
  1061 | D:2      | Reached skill level 5 in Ranged Weapons
  1061 | D:2      | Reached XP level 4. HP: 21/22 MP: 5/5
  1148 | D:2      | Found a runed translucent door.
  1149 | D:2      | Noticed Crazy Yiuf
  1281 | D:2      | Noticed Robin
  1294 | D:2      | Killed Robin
  1300 | D:2      | HP: 3/22 [goblin/sling bullet[Robin] (4)]
  1301 | D:2      | 1301 ||| READING scroll of teleportation.
  1301 | D:2      | Shot with a sling bullet by a goblin

Levels and vault maps discovered:
D:1:      dpeg_arrival_arbitrary_b, layout_loops_corners, minmay_tall_x
D:2:      layout_loops_ring, kennysheep_donut, hangedman_decor_opposing,
          uniq_robin, uniq_jessica, uniq_crazy_yiuf_cottage

Skill      XL: |  1  2  3 |
---------------+----------+-----
Dodging        | 3 4 |  4.4
Ranged Weapons | 5 |  5.1
Fighting       | |  1.5
Stealth        | |  1.5

Action                     |  1- 3 |  4- 6 || total
---------------------------+-------+-------++-------
   Fire: Shortbow          |    73 |    28 ||   101
    Use: Scroll            |     3 |     1 ||     4
         Potion            |     1 |       ||     1
 Armour: Robe              |     8 |     9 ||    17
  Dodge: Dodged            |    25 |    22 ||    47

Table legend:
 A = Non-vault XP
 B = Vault XP
 C = Vault XP percentage of total XP
 D = Non-vault monster count
 E = Vault monster count
 F = Vault count percentage of total count
                 A         B        C        D         E       F
            +---------+---------+-------+---------+---------+-------
      Total |      61 |      62 |  50.4 |      28 |       8 |  22.2
            +---------+---------+-------+---------+---------+-------
        D:1 |      54 |       6 |  10.0 |      25 |       4 |  13.8
        D:2 |       7 |      56 |  88.9 |       3 |       4 |  57.1
            +---------+---------+-------+---------+---------+-------
